 Dungeon Crawl Stone Soup version 0.22-a0-369-gc73351f94e (webtiles) character file.

43 Beodren the Shield-Bearer (level 3, 0/33 HPs)
             Began as a Minotaur Fighter on Apr 25, 2018.
             Slain by a kobold
             ... wielding a +0 short sword
              (1 damage)
             ... on level 3 of the Dungeon.
             The game lasted 00:05:02 (1599 turns).

Beodren the Shield-Bearer (Minotaur Fighter)        Turns: 1599, Time: 00:05:03

Health: 0/33       AC:  9    Str: 24    XL:     3   Next: 37%
Magic:  2/2        EV:  6    Int:  5    God:
Gold:   101        SH:  9    Dex:  9    Spells: 2/2 levels left

rFire    . . .     SeeInvis .   a - +0 flail
rCold    . . .     Gourm    .   c - +0 shield
rNeg     . . .     Faith    .   m - +0 chain mail
rPois    .         Spirit   .   (helmet restricted)
rElec    .         Reflect  .   (no cloak)
rCorr    .         Harm     .   (no gloves)
MR       .....                  (no boots)
Stlth    ..........             (no amulet)
HPRegen  0.11/turn              g - +3 ring of strength
MPRegen  0.08/turn              (no ring)

@: lethally poisoned (0 -> -5)
A: retaliatory headbutt, horns 2
a: no special abilities


You were on level 3 of the Dungeon.
You were not hungry.

You visited 1 branch of the dungeon, and saw 3 of its levels.

You collected 101 gold pieces.

Inventory:

Hand Weapons
 a - a +0 flail (weapon)
Armour
 b - a +0 scale mail
 c - a +0 shield (worn)
 m - a +0 chain mail (worn)
Jewellery
 g - a +3 ring of strength (left hand)
Scrolls
 e - 2 scrolls of remove curse {unknown}
 h - a scroll of identify {unknown}
 i - a scroll of amnesia {unknown}
 k - a scroll of immolation {unknown}
Potions
 d - a potion of might
 j - 2 potions of lignification {unknown}
 l - a potion of berserk rage {unknown}
 n - a potion of resistance {unknown}
 o - a potion of flight {unknown}
 p - a potion of brilliance {unknown}
Comestibles
 f - 2 rations


   Skills:
 + Level 4.0 Fighting
 + Level 3.1 Maces & Flails
 + Level 4.0 Armour
 + Level 0.8 Dodging
 + Level 4.1 Shields


You had 2 spell levels left.
You didn't know any spells.

Dungeon Overview and Level Annotations

Branches:
Dungeon (3/15)

Altars:


Innate Abilities, Weirdness & Mutations

You reflexively headbutt those who attack you in melee.
You have a pair of horns on your head.


Message History

The centaur hits you but does no damage. x2
The adder bites you.
* * * LOW HITPOINT WARNING * * *
You sock the centaur!
The centaur is severely wounded.
* * * LOW HITPOINT WARNING * * *
You feel sick.
The centaur hits you but does no damage.
The adder bites you but does no damage.
The centaur hits you but does no damage.
The adder bites you but does no damage.
You hit the centaur but do no damage. Your headbutt misses the centaur.
The centaur is severely wounded.
You block the centaur's attack. The adder bites you.
* * * LOW HITPOINT WARNING * * *
You are more poisoned.
The adder poisons you!
The centaur hits you but does no damage.
The kobold hits you with a short sword.
You die...

#.#... #...)#
..... #...#
##...##
####.....####..
.......K.......
#...@c# ##.S.##
#....# #..<.#
...........#
#####....#.#
#.#.#(...
#.#.#..###
#.#.#..#


You could see a centaur, an adder and a kobold.

Vanquished Creatures
  A worm (D:3)
  2 dart slugs (D:1)
  3 leopard geckos (D:1)
  3 giant cockroaches
  4 goblins
  4 hobgoblins
  6 kobolds
  A ball python (D:1)
  4 bats
  A frilled lizard (D:1)
  3 rats (D:1)
  A plant (D:2)
33 creatures vanquished.

Notes
Turn   | Place    | Note
-------+----------+-------------------------------------------
     0 | D:1      | Beodren the Minotaur Fighter began the quest for the Orb.
     0 | D:1      | Reached XP level 1. HP: 19/19 MP: 0/0
    89 | D:1      | Reached XP level 2. HP: 22/27 MP: 1/1
   403 | D:1      | Reached XP level 3. HP: 33/33 MP: 2/2
  1589 | D:3      | Noticed a centaur
  1599 | D:3      | HP: 1/33 [adder (2)]
  1599 | D:3      | Slain by a kobold

Vault maps used:
D:1:      sevenhm_arrival_forest_fort_large_2, serial_forest,
          infiniplex_forest_end_3, infiniplex_forest_lined_2,
          infiniplex_forest_lined_room_3, infiniplex_forest_zigzag_1,
          infiniplex_forest_clump_tiny, infiniplex_forest_lined_room_2,
          corexii_corridor_pit, hangedman_decor_opposing
D:2:      serial_forest, infiniplex_forest_clump_curved,
          infiniplex_forest_clump_diagonal, infiniplex_forest_lined_room_2,
          infiniplex_forest_clump_small, first_ration
D:3:      evilmike_ruin_ashenzari

Skill      XL: |  1  2  3 |
---------------+----------+-----
Fighting       | 4 |  4.0
Shields        | 4 |  4.1
Maces & Flails | 3 |  3.1
Armour         | 4 |  4.0
Dodging        | |  0.8

Action                   || total
-------------------------++-------
Melee: Flail             ||   107
       Headbutt          ||    18
  Eat: Ration            ||     1
Armor: Scale mail        ||    41
       Chain mail        ||    14
Dodge: Dodged            ||    31
Block: Shield            ||    75

Table legend:
 A = Spawn XP
 B = Non-spawn XP
 C = Spawn XP percentage of total XP
 D = Spawn monster count
 E = Non-spawn monster count
 F = Spawn count percentage of total count
 G = Total turns spent on level
                    A         B        C        D         E        F      G
               +---------+---------+-------+---------+---------+-------+---------
         Total |       0 |      62 |   0.0 |       0 |      32 |   0.0 |  1599
               +---------+---------+-------+---------+---------+-------+---------
           D:1 |       0 |      47 |   0.0 |       0 |      25 |   0.0 |   796
           D:2 |       0 |      10 |   0.0 |       0 |       6 |   0.0 |   791
           D:3 |       0 |       5 |   0.0 |       0 |       1 |   0.0 |    12
               +---------+---------+-------+---------+---------+-------+---------
